 Dungeon Crawl Stone Soup version 0.24-a0-368-g0e0cebd0f3 (webtiles) character file.

Game seed: 5878829170827794490

17 theanonym the Magician (level 2, -2/22 HPs)
             Began as a Mummy Warper on May 29, 2019.
             Slain by a hobgoblin
             ... wielding a +0 club
              (3 damage)
             ... on level 1 of the Dungeon.
             The game lasted 00:00:41 (713 turns).

theanonym the Magician (Mummy Warper)                Turns: 713, Time: 00:00:42

Health: -2/22      AC:  6    Str: 14    XL:     2   Next: 44%
Magic:  5/5        EV:  9    Int: 12    God:
Gold:   27         SH:  0    Dex: 11    Spells: 6/6 levels left

rFire    x . .     SeeInvis .   a - +0 mace
rCold    + . .     Gourm    .   (no shield)
rNeg     + + +     Faith    .   c - +0 scale mail
rPois    ∞         Spirit   .   (no helmet)
rElec    .         Reflect  .   (no cloak)
rCorr    .         Harm     .   (no gloves)
MR       .....                  (no boots)
Stlth    ..........             (no amulet)
HPRegen  0.07/turn              (no ring)
MPRegen  0.09/turn              (no ring)

@: no status effects
A: no food or potions, fire vulnerability, cold resistance 1, negative energy
resistance 3, torment resistance, unbreathing
a: no special abilities


Innate Abilities, Weirdness & Mutations

You do not eat or drink.
Your flesh is vulnerable to fire.
You are immune to poison.
Your flesh is cold resistant. (rC+)
You are immune to negative energy. (rN+++)
You are immune to unholy pain and torment.
You can survive without breathing.


   Skills:
 - Level 2.0 Fighting
 + Level 2.5 Maces & Flails
 - Level 0.7 Throwing
 - Level 0.7 Armour
 - Level 1.5 Dodging
 - Level 2.6 Spellcasting
   Level 2.4 Translocations


You had 6 spell levels left.
You didn't know any spells.
Your spell library contained the following spells:

 Spells                   Type           Power        Failure   Level  Hunger
 Blink                    Tloc           N/A          52%         2    N/A
 Shroud of Golubria       Chrm/Tloc      #.........   71%         2    N/A
 Gell's Gravitas          Tloc           #.........   77%         3    N/A
 Lesser Beckoning         Tloc           #.........   77%         3    N/A
 Teleport Other           Tloc           #.......     77%         3    N/A
 Passage of Golubria      Tloc           N/A          99%         4    N/A

Skill      XL: |  1 |
---------------+----+-----
Maces & Flails | 2 |  2.5
Fighting       | |  2.0
Throwing       | |  0.7
Armour         | |  0.7
Dodging        | |  1.5
Spellcasting   | |  2.6
Translocations | |  2.4

Action                   || total
-------------------------++-------
Melee: Mace              ||    64
Throw: Boomerang         ||     1
Armor: Scale mail        ||    52
Dodge: Dodged            ||    56

Inventory:

Hand Weapons
 a - a +0 mace (weapon)
Missiles
 e - 4 boomerangs of dispersal (quivered)
Armour
 b - a +0 leather armour
 c - a +0 scale mail (worn)
Scrolls
 B - a scroll of blinking


You were on level 1 of the Dungeon.
You were not hungry.

You visited 1 branch of the dungeon, and saw 1 of its levels.

You collected 27 gold pieces.

Dungeon Overview and Level Annotations

Branches:
Dungeon (1/15)

Altars:

## ### #. #.. #. #. #.# #.
##.########.# #.
###........##.# #.
...........##.# #.
.....?.....##.# #.
...........##@# ######.
...........##g# ####......
...........##l#######.........
..........l.........#.........
....................#.......(.
......#.###.........#.........
###...#.# #.........#..†......
#.. #.###.........#.[....###
### ..............####.#.###


You could see a leopard gecko and a hobgoblin.

Notes
Turn   | Place    | Note
-------+----------+-------------------------------------------
     0 | D:1      | theanonym the Mummy Warper began the quest for the Orb.
     0 | D:1      | Reached XP level 1. HP: 16/16 MP: 4/4
    23 | D:1      | HP: 8/16 [rat (2)]
   414 | D:1      | Reached skill level 2 in Maces & Flails
   433 | D:1      | Reached XP level 2. HP: 22/22 MP: 5/5
   691 | D:1      | HP: 11/22 [leopard gecko (4)]
   696 | D:1      | HP: 8/22 [leopard gecko (2)]
   701 | D:1      | HP: 6/22 [goblin/+0 dagger (1)]
   707 | D:1      | HP: 4/22 [leopard gecko (1)]
   711 | D:1      | HP: 1/22 [leopard gecko (2)]
   713 | D:1      | Slain by a hobgoblin

Vanquished Creatures
  A dart slug (D:1)
  A leopard gecko (D:1)
  2 goblins (D:1)
  2 hobgoblins (D:1)
  3 bats (D:1)
  A frilled lizard (D:1)
  4 kobolds (D:1)
  A rat (D:1)
15 creatures vanquished.

Table legend:
 A = Turns spent in this place as a percentage of turns spent in the entire game.
 B = Non-inter-level travel turns spent in this place as a percentage of non-inter-level travel turns spent in the entire game.
 C = Inter-level travel turns spent in this place as a percentage of turns spent in this place.
 D = Turns resting spent in this place as a percentage of non-inter-level travel turns spent in this place.
 E = Turns spent auto-exploring this place as a percentage of non-inter-level travel turns spent in this place.
 F = Non-inter-level travel turns spent in this place divided by the number of levels of this place that you've seen.
                   A       B       C       D       E      F
               +-------+-------+-------+-------+-------+----------------------
         Total | 100.0 | 100.0 |   1.0 |  45.5 |  36.0 | 706.0
       Dungeon | 100.0 | 100.0 |   1.0 |  45.5 |  36.0 | 706.0
               +-------+-------+-------+-------+-------+----------------------
